 Dungeon Crawl Stone Soup version 0.27.1-1-g398f81649c (webtiles) character file.

Game seed: 13230312394672922656

50128 Destapler the Fighter (level 14, -1/111 HPs)
             Began as a Demonspawn Wanderer on Sept 8, 2021.
             Was a High Priest of Hepliaklqana.
             Slain by a fire crab (5 damage)
             ... in a Gauntlet on Sept 9, 2021.
             The game lasted 01:57:14 (22345 turns).

Destapler the Fighter (Demonspawn Wanderer)        Turns: 22345, Time: 01:57:15

Health: -1/111     AC: 26    Str: 16    XL:     14   Next: 18%
Magic:  22/23      EV: 11    Int: 16    God:    Hepliaklqana [*****.]
Gold:   1504       SH: 13    Dex: 20    Spells: 22/25 levels left

rFire    + . .     SeeInvis +   a - +3 mace
rCold    + . .     Faith    .   O - +2 kite shield {AC+3}
rNeg     . . .     Spirit   .   M - +0 acid dragon scales
rPois    +         Reflect  .   k - +1 helmet {SInv}
rElec    .         Harm     .   w - +0 cloak {Will+}
rCorr    +         Rampage  .   B - +2 pair of gloves
Will     ++...     NoTele   +   u - +0 pair of boots
Stlth    ++........             V - amulet "Moggah" {Acrobat rPois rCorr}
HPRegen  0.28/turn              X - ring of Kefawn {rPois rF+ Dex+6}
MPRegen  0.18/turn              m - ring of protection from cold

@: mighty, sanguine armoured, hasted, very quick
A: reduced essence, talons 2, demonic guardian 3, foul stench 1, robust 1,
sanguine armour 1, thin skeletal structure 1
a: Renounce Religion, Recall Ancestor, Ancestor Identity, Transference, Idealise


You were in a Gauntlet.
You worshipped Hepliaklqana.
Hepliaklqana was extremely pleased with you.
You visited 2 branches of the dungeon, and saw 15 of its levels.
You also visited: Bailey and Gauntlet.

You collected 1642 gold pieces.
You spent 138 gold pieces at shops.

Inventory:

Hand Weapons
 a - a +3 mace (weapon)
 b - a +2 scimitar of flaming
 U - the +5 glaive of the Eel {speed, rF+ rN+}
   (You found it in a bailey)

   Attacks with this weapon are significantly faster.
   rF:        It protects you from fire.
   rN:        It protects you from negative energy.
Missiles
 f - a boomerang
 r - 121 poisoned darts (quivered)
 E - 4 atropa-tipped darts
 G - 2 curare-tipped darts
 T - 18 javelins
Armour
 i - a scarf of shadows
 k - a +1 helmet of see invisible (worn)
 u - a +0 pair of boots (worn)
 w - a +0 cloak of willpower (worn)
 B - a +2 pair of gloves (worn)
 L - a scarf of resistance
 M - +0 acid dragon scales (worn)
 O - a +2 kite shield of protection (worn)
Jewellery
 e - a ring of magical power
 j - an amulet of the acrobat
 m - a ring of protection from cold (right hand)
 v - a ring of wizardry
 y - a +6 ring of intelligence
 I - an amulet of magic regeneration
 Q - a ring of ice
 R - a ring of positive energy
 V - the amulet "Moggah" (around neck) {Acrobat rPois rCorr}
   (You found it in a Gauntlet)

   [amulet of the acrobat]

   It increases your evasion while moving and waiting.
   rPois:     It protects you from poison.
   rCorr:     It protects you from acid and corrosion.
 X - the ring of Kefawn (left hand) {rPois rF+ Dex+6}
   (You found it on level 1 of the Lair of Beasts)

   [ring of dexterity]

   Dex:       It affects your dexterity (+6).
   rF:        It protects you from fire.
   rPois:     It protects you from poison.
Wands
 s - a wand of acid (12)
 x - a wand of digging (4)
 D - a wand of mindburst (9)
 F - a wand of charming (9)
 K - a wand of iceblast (2)
 P - a wand of flame (8)
 W - a wand of polymorph (4)
Scrolls
 d - a scroll of acquirement
 g - 4 scrolls of fear
 h - a scroll of fog
 l - 8 scrolls of identify
 n - 4 scrolls of magic mapping
 q - a scroll of blinking
 A - 6 scrolls of teleportation
 S - 2 scrolls of enchant weapon {unknown}
 Y - a scroll of enchant armour {unknown}
Potions
 c - 3 potions of flight
 o - 2 potions of might
 t - 4 potions of lignification
 z - a potion of curing
 C - a potion of cancellation
 H - a potion of magic


   Skills:
 + Level 10.9 Fighting
 + Level 5.8 Long Blades
 - Level 6.0 Maces & Flails
 - Level 3.0 Throwing
 + Level 9.0 Armour
 - Level 2.0 Dodging
 - Level 8.0 Shields
 - Level 6.3 Spellcasting
 - Level 6.7 Hexes
 - Level 6.7 Summonings
 - Level 1.0 Ice Magic
 - Level 8.0 Invocations
 - Level 6.0 Evocations


You had 22 spell levels left.
You knew the following spells:

 Your Spells              Type           Power      Damage    Failure   Level
a - Summon Guardian Gole  Hex/Summ       26%        N/A       9%          3

Your spell library contained the following spells:

 Spells                   Type           Power      Damage    Failure   Level
 Summon Small Mammal      Summ           100%       N/A       2%          1
 Call Imp                 Summ           26%        N/A       4%          2
 Call Canine Familiar     Summ           26%        N/A       9%          3
 Portal Projectile        Hex/Tloc       30%        N/A       32%         3
 Apportation              Tloc           10%        N/A       41%         1
 Magic Dart               Conj           20%        1d4       41%         1
 Sting                    Tmut/Pois      20%        1d4       41%         1
 Poisonous Vapours        Pois/Air       10%        N/A       54%         2
 Ozocubu's Armour         Ice            8%         N/A       65%         3
 Fulminant Prism          Conj/Hex       7%         3d7       71%         4
 Summon Lightning Spire   Summ/Air       15%        N/A       71%         4
 Mephitic Cloud           Conj/Pois/Air  5%         N/A       78%         3
 Metabolic Englaciation   Hex/Ice        8%         N/A       94%         5
 Iskenderun's Mystic Bla  Conj/Tloc      5%         2d3       99%         4
 Olgreb's Toxic Radiance  Pois           5%         N/A       99%         4
 Petrify                  Tmut/Erth      5%         N/A       99%         4
 Alistair's Intoxication  Tmut/Pois      3%         N/A       100%        5
 Borgnjor's Vile Clutch   Necr/Erth      2%         N/A       100%        5
 Lee's Rapid Deconstruct  Erth           2%         3d6*      100%        5
 Dispersal                Tloc           2%         N/A       100%        6
 Eringya's Noxious Bog    Tmut/Pois      2%         N/A       100%        6
 Simulacrum               Ice/Necr       3%         N/A       100%        6
 Statue Form              Tmut/Erth      3%         N/A       100%        6
 Ozocubu's Refrigeration  Ice            4%         4d5       100%        7
 Disjunction              Tloc           2%         N/A       100%        8
 Ignition                 Fire           2%         3d3       100%        8


Dungeon Overview and Level Annotations

Branches:
Dungeon (13/15)            Temple (0/1) D:4            Lair (2/6) D:9
 Shoals (0/4) Lair:2       Spider (0/4) Lair:2          Orc (0/2) D:11
 Vaults (0/5) D:13         Bailey (visited)         Gauntlet (1/1)

Altars:
Ashenzari
Dithmenos
Elyvilon
Fedhas
Hepliaklqana
Kikubaaqudgha
Makhleb
Nemelex Xobeh
Okawaru
Trog
Uskayaw
Vehumet
Wu Jian
Yredelemnul
Zin
The Shining One

Shops:
D:1 [   D:8 ***

Annotations:
D:8 3 runed translucent doors, Kinoniko's ghost, novice HOFi Gauntlet 7 transporters, exclusion: lightning spire


Innate Abilities, Weirdness & Mutations

Your life essence is reduced to manifest your ancestor. (-10% HP)
You have razor-sharp toenails.
A powerful demonic guardian rushes to your aid.
You may rarely emit foul miasma when damaged in melee.
You are robust. (+10% HP)
When seriously injured, your bleeding wounds create armour. (AC +6)
You have a somewhat thin skeletal structure. (Dex +2, Stealth+)


Message History

The fire bat bites you but does no damage.
The hell hound bites you!
* * * LOW HITPOINT WARNING * * *
The hell hound breathes flames at you.
The blast of flame hits you but does no damage.
You sock the fire bat!
The fire bat is almost dead.
You are engulfed in blazing flames.
You resist.
* * * LOW HITPOINT WARNING * * *
A demonic guardian appears!
You block the fire bat's attack.
The fire bat bites you but does no damage. x2
The fire bat closely misses you. The hell hound bites you!
* * * LOW HITPOINT WARNING * * *
The fire crab barely misses you. You block the fire crab's attack.
You block the fire bat's attack. The hell hound misses you.
You feel better.
You are engulfed in blazing flames.
You resist.
The fire bat bites you but does no damage. x2
The hell hound breathes flames at you.
The blast of flame hits you but does no damage.
The fire crab breathes flames at you.
The blast of flame engulfs you but does no damage.
The fire bat bites the fire crab but does no damage.
Your smoke demon is engulfed in blazing flames.
Your smoke demon barely misses the fire bat.
Your smoke demon hits the fire bat but does no damage.
Your smoke demon hits the fire bat.
You feel yourself speed up. The fire bat bites your smoke demon.
Your smoke demon is engulfed in flames.
Your smoke demon completely resists.
The fire bat misses you.
The fire bat bites the fire crab but does no damage.
The fire bat barely misses itself.
The fire bat barely misses you. You block the hell hound's attack.
The fire crab bites you.
* * * LOW HITPOINT WARNING * * *
You are engulfed in flames!
You resist.
* * * LOW HITPOINT WARNING * * *
The fire crab claws you.
* * * LOW HITPOINT WARNING * * *
You are engulfed in flames.
You resist.
You die...

########################
###≈............≈∩≈.......
#8#.......................
###..###########...#######
#..#..=.©"[..#...#...[©)
###..#.##...##.#...#..##.#
#8#..#.#°###.#.#...#.#..#.
###..#○○##b##..#...#.#..#.
#..#○bb@t3○..#...#..####
###..#○b##h##..#...#.#..#©
#8#..#.#.###.#.#...#.#..#.
###..#.##...##.#...#..##.#
#..#.........#...#......
###..###########...#######
#8#.....#.©.#....≈....#.©.
###...8.#...#...≈8§...#...
#.....#.©.#....≈....#.©.


You could see a fire crab, a hell hound (catching breath), 4 fire bats and a
friendly smoke demon (summoned).

Vanquished Creatures
  An entropy weaver (Gauntlet)
  A boulder beetle (D:13)
  A hydra (D:9)
  A two-headed ogre (D:10)
  Nergalle (Lair:1)
  A fire crab (Gauntlet)
  An ugly thing (D:12)
  A cyclops (D:12)
  2 slime creatures (D:13)
  A komodo dragon (Lair:1)
  2 trolls
  A jumping spider (Gauntlet)
  A hornet (shapeshifter) (D:9)
  A blink frog (Lair:1)
  A wraith (D:12)
  A fire bat (Gauntlet)
  3 yaks
  4 vampire mosquitoes (D:13)
  2 wargs (D:10)
  3 water moccasins
  2 acid dragons (D:9)
  An orc warrior (D:5)
  A sky beast (D:6)
  A tengu (shapeshifter) (D:13)
  11 centaurs
  3 kobold brigands
  A bullfrog (Lair:2)
  A scorpion (D:5)
  2 wyvern zombies
  A gnoll sergeant (D:10)
  A water moccasin zombie (D:5)
  2 wyvern skeletons
  3 killer bees (D:10)
  4 wights
  5 howler monkeys (D:9)
  A bullfrog zombie (D:6)
  6 centaur zombies
  A hound (D:5)
  A centaur skeleton (D:6)
  5 orc priests
  A hexer (D:11)
  3 iguanas
  3 orc wizards
  A scorpion zombie (D:4)
  A hound skeleton (D:4)
  7 gnolls
  3 adders
  2 ufetubi
  An adder zombie (D:4)
  2 adder skeletons
  A worm (D:2)
  A dart slug (D:3)
  26 orcs
  4 ball pythons
  3 endoplasms
  A giant cockroach (D:1)
  3 goblins
  6 hobgoblins
  3 jackals
  2 quokkas
  7 bats
  2 frilled lizards (D:2)
  10 kobolds
  5 rats
181 creatures vanquished.

Vanquished Creatures (collateral kills)
  Gastronok (D:8)
  A hydra (D:13)
  2 centaur warriors (D:13)
  Erica (D:8)
  2 two-headed ogres (D:11)
  2 dancing weapons (D:13)
  A tengu warrior (D:13)
  The ghost of beardedkeet the Magician, a novice GnVM of Kikubaaqudgha (D:9)
  3 slime creatures (D:13)
  2 manticores
  A cyclops (D:11)
  A gargoyle (D:12)
  2 komodo dragons (Lair:1)
  A tengu conjurer (D:13)
  A kobold demonologist (D:10)
  A jumping spider (Gauntlet)
  3 blink frogs (Lair:1)
  2 dream sheep (D:9)
  A fire bat (Gauntlet)
  A wraith (D:11)
  11 yaks
  A basilisk (Lair:1)
  2 vampire mosquitoes (D:12)
  2 water moccasins
  3 acid dragons
  2 ice beasts
  14 orc warriors
  A sky beast (D:5)
  A black bear (D:6)
  7 centaurs
  8 bullfrogs
  2 kobold brigands (D:9)
  A gnoll sergeant (D:12)
  A water moccasin skeleton (D:6)
  A killer bee (D:10)
  A howler monkey (D:10)
  A jelly (D:6)
  2 orc priests (D:8)
  5 orc wizards
  An iguana (D:7)
  2 killer bee zombies
  A howler monkey zombie (D:9)
  4 gnolls
  2 adders (D:5)
  A white imp (D:5)
  23 orcs
  2 ball pythons
  3 endoplasms
  A giant cockroach (D:1)
  2 hobgoblins (D:1)
  5 jackals
  A frilled lizard (D:2)
  2 goblins
  4 kobolds
  2 rats
  A butterfly (Lair:2)
153 creatures vanquished.

Vanquished Creatures (others)
  Fannar (Lair:1)
  A boulder beetle (D:12)
  A two-headed ogre (D:12)
  A tengu warrior (D:10)
  A wolf spider (Gauntlet)
  A manticore (D:13)
  A hornet (D:10)
  A vampire mosquito (D:12)
  A meliai simulacrum (D:10)
  3 orc warriors
  A centaur (Bailey)
  4 wights
  2 gnolls (D:7)
  20 hexers
  An ancestor (D:2)
  An orc (D:7)
  A fungus (Lair:1)
  7 plants
49 creatures vanquished.

Grand Total: 383 creatures vanquished

Notes
Turn   | Place    | Note
-------+----------+-------------------------------------------
     0 | D:1      | Destapler the Demonspawn Wanderer began the quest for the
                  | Orb.
     0 | D:1      | Destapler set off with the following items: a +0 club, a +0
                  | robe, a +0 buckler; and the following spells available to
                  | memorise: Summon Small Mammal, Call Imp, Apportation, Call
                  | Canine Familiar, Summon Guardian Golem, Portal Projectile,
                  | Summon Lightning Spire
     0 | D:1      | Reached XP level 1. HP: 18/18 MP: 1/1
   394 | D:1      | Found Woguv's Armour Boutique.
   473 | D:1      | Gained mutation: A weak demonic guardian rushes to your
                  | aid. [demonic ancestry]
   473 | D:1      | Reached XP level 2. HP: 12/24 MP: 2/2
   906 | D:1      | Found a faded altar of an unknown god.
   915 | D:1      | Became a worshipper of Hepliaklqana the Forgotten
   915 | D:1      | Reached * piety under Hepliaklqana
  1237 | D:1      | Gained mutation: You may rarely emit foul miasma when
                  | damaged in melee. [demonic ancestry]
  1237 | D:1      | Reached XP level 3. HP: 26/26 MP: 3/3
  1897 | D:2      | Reached skill level 1 in Spellcasting
  1897 | D:2      | Gained mutation: A demonic guardian rushes to your aid.
                  | [demonic ancestry]
  1897 | D:2      | Reached XP level 4. HP: 24/31 MP: 5/5
  2366 | D:3      | Reached ** piety under Hepliaklqana
  2367 | D:3      | Remembered your ancestor Zarja as a hexer
  2618 | D:3      | Found a sparkling altar of Nemelex Xobeh.
  2645 | D:3      | Found a broken altar of Ashenzari.
  2714 | D:3      | Reached skill level 1 in Maces & Flails
  2779 | D:3      | Reached skill level 1 in Invocations
  2851 | D:3      | Reached XP level 5. HP: 36/36 MP: 7/7
  3304 | D:4      | Found an ancient bone altar of Kikubaaqudgha.
  3345 | D:4      | Reached skill level 1 in Hexes
  3406 | D:4      | Found a staircase to the Ecumenical Temple.
  3583 | D:1      | Bought a +0 cloak of willpower for 138 gold pieces
  4046 | D:4      | Found a basalt altar of Yredelemnul.
  4049 | D:4      | Reached XP level 6. HP: 43/43 MP: 9/9
  4177 | D:4      | Reached *** piety under Hepliaklqana
  4343 | D:4      | Found a hide-covered altar of Uskayaw.
  4370 | D:5      | Entered Level 5 of the Dungeon
  4370 | D:5      | Noticed an ice beast
  4375 | D:5      | Killed an ice beast
  4376 | D:5      | Reached skill level 4 in Fighting
  4411 | D:5      | Reached XP level 7. HP: 22/48 MP: 11/11
  4994 | D:5      | Found a blossoming altar of Fedhas.
  5212 | D:5      | Learned a level 3 spell: Summon Guardian Golem
  5337 | D:5      | Reached skill level 5 in Fighting
  5337 | D:5      | Gained mutation: When seriously injured, your bleeding
                  | wounds create armour. (AC +6) [demonic ancestry]
  5337 | D:5      | Reached XP level 8. HP: 55/55 MP: 12/12
  5584 | D:6      | Found a shadowy altar of Dithmenos.
  5903 | D:6      | Reached skill level 1 in Armour
  5946 | D:6      | Found a radiant altar of Vehumet.
  6175 | D:7      | Reached **** piety under Hepliaklqana
  6953 | D:7      | Found a bloodstained altar of Trog.
  6953 | D:7      | Found an iron altar of Okawaru.
  7098 | D:8      | Gained mutation: You have sharp toenails. [demonic
                  | ancestry]
  7098 | D:8      | Reached XP level 9. HP: 58/61 MP: 14/14
  7140 | D:8      | Found a runed translucent gate.
  7140 | D:8      | Found a runed translucent gate.
  7140 | D:8      | Found a runed translucent gate.
  7141 | D:8      | Noticed an 11-headed hydra
  7141 | D:8      | Noticed Kinoniko's ghost (novice HOFi)
  7141 | D:8      | Noticed an 11-headed hydra
  7156 | D:8      | Found Kuegaxza's Assorted Antiques.
  7226 | D:8      | Reached skill level 5 in Invocations
  7237 | D:8      | Found Umas's General Store.
  7252 | D:8      | You fall into a shaft and drop 3 floors!
  7277 | D:11     | Noticed a manticore
  7287 | D:11     | Killed a manticore
  7439 | D:11     | Noticed a two-headed ogre
  7450 | D:11     | Killed a two-headed ogre
  7451 | D:11     | Reached skill level 5 in Maces & Flails
  7672 | D:10     | Entered Level 10 of the Dungeon
  7683 | D:10     | Found an ornate altar of the Wu Jian Council.
  7692 | D:10     | Reached skill level 6 in Fighting
  7769 | D:9      | Reached skill level 5 in Hexes
  7826 | D:9      | Found a staircase to the Lair.
  7895 | D:9      | Gained mutation: A powerful demonic guardian rushes to your
                  | aid. [demonic ancestry]
  7895 | D:9      | Reached XP level 10. HP: 54/68 MP: 16/16
  7903 | D:9      | Reached skill level 5 in Summonings
  8555 | D:8      | Reached ***** piety under Hepliaklqana
  8663 | D:8      | Reached skill level 5 in Armour
  8713 | D:8      | Noticed Erica
  8723 | D:8      | Killed Erica
  8724 | D:8      | Reached skill level 1 in Evocations
  8980 | D:8      | Found Ischyviq's Assorted Antiques.
  9030 | D:8      | Noticed Gastronok
  9053 | D:8      | Killed Gastronok
  9054 | D:8      | Reached skill level 7 in Fighting
  9054 | D:8      | Reached skill level 5 in Shields
  9267 | D:9      | Found a runed translucent gate.
  9404 | D:9      | Reached XP level 11. HP: 45/75 MP: 17/17
  9408 | D:9      | Noticed a two-headed hydra
  9419 | D:9      | Killed a two-headed hydra
  9720 | D:9      | Noticed beardedkeet's ghost (novice GnVM)
  9724 | D:9      | Found a runed translucent gate.
  9724 | D:9      | Found a runed translucent gate.
 10145 | D:10     | Noticed a two-headed ogre
 10160 | D:10     | Killed a two-headed ogre
 10776 | D:10     | Noticed a tengu warrior
 10785 | D:10     | Killed a tengu warrior
 10786 | D:10     | Reached skill level 8 in Fighting
 10786 | D:10     | Reached skill level 5 in Evocations
 11336 | D:10     | Found a burning altar of Makhleb.
 11615 | D:10     | Identified 2 scrolls of acquirement
 11672 | D:11     | Acquired 517 gold pieces
 12083 | D:8      | Gained mutation: You are weak. (Str -2) [potion of
                  | mutation]
 12083 | D:8      | Gained mutation: Your body sometimes deteriorates upon
                  | taking damage. [potion of mutation]
 12084 | D:8      | Lost mutation: You are weak. (Str -2) [potion of mutation]
 12084 | D:8      | Lost mutation: Your body sometimes deteriorates upon taking
                  | damage. [potion of mutation]
 12084 | D:8      | Gained mutation: Your system is resistant to poisons.
                  | (rPois) [potion of mutation]
 12085 | D:8      | Lost mutation: Your system is resistant to poisons. (rPois)
                  | [potion of mutation]
 12085 | D:8      | Gained mutation: You possess an exceptional clarity of
                  | mind. [potion of mutation]
 12086 | D:8      | Lost mutation: You possess an exceptional clarity of mind.
                  | [potion of mutation]
 12086 | D:8      | Gained mutation: You have a somewhat thin skeletal
                  | structure. (Dex +2, Stealth+) [potion of mutation]
 12149 | D:9      | Killed beardedkeet's ghost
 12506 | D:9      | Reached skill level 1 in Dodging
 12644 | D:11     | Noticed a two-headed ogre
 13201 | D:10     | Found an ornate altar of the Wu Jian Council.
 13204 | D:10     | Found a burning altar of Makhleb.
 13494 | D:11     | Killed a two-headed ogre
 14181 | D:11     | Found a staircase to the Orcish Mines.
 14720 | D:12     | Gained mutation: You are robust. (+10% HP) [demonic
                  | ancestry]
 14720 | D:12     | Reached XP level 12. HP: 65/94 MP: 16/18
 14866 | D:12     | Noticed a two-headed ogre
 14874 | D:12     | Killed a two-headed ogre
 15065 | D:12     | Noticed a boulder beetle
 15081 | D:12     | Killed a boulder beetle
 15912 | D:12     | Reached skill level 5 in Spellcasting
 16012 | D:13     | Found a flagged portal.
 16030 | Bailey   | Entered a bailey
 16976 | Bailey   | Identified the +5 glaive of the Eel {speed, rF+ rN+}
 17193 | D:13     | Noticed a boulder beetle
 17227 | D:13     | Killed a boulder beetle
 17438 | D:13     | Noticed a centaur warrior
 17807 | D:13     | Noticed a six-headed hydra
 17813 | D:13     | Noticed a tengu warrior
 17814 | D:13     | Killed a four-headed hydra
 17815 | D:13     | Reached skill level 9 in Fighting
 17818 | D:13     | Noticed a centaur warrior
 17824 | D:13     | Killed a tengu warrior
 18265 | D:13     | Reached skill level 10 in Fighting
 18265 | D:13     | Gained mutation: You have razor-sharp toenails. [demonic
                  | ancestry]
 18265 | D:13     | Reached XP level 13. HP: 103/103 MP: 20/22
 18824 | D:13     | Found a gate to the Vaults.
 19856 | Lair:1   | Entered Level 1 of the Lair of Beasts
 20264 | Lair:1   | Reached skill level 5 in Long Blades
 20264 | Lair:1   | Reached XP level 14. HP: 96/111 MP: 23/23
 20526 | Lair:1   | Noticed Fannar
 20529 | Lair:1   | Noticed Nergalle
 20583 | Lair:1   | Killed Fannar
 20627 | Lair:1   | Killed Nergalle
 21069 | Lair:1   | Identified the ring of Kefawn {rPois rF+ Dex+6}
 21497 | Lair:2   | Found a gate leading to a gauntlet.
 21500 | Gauntlet | Entered a Gauntlet
 21500 | Gauntlet | Found a transporter.
 21500 | Gauntlet | Found a transporter.
 21500 | Gauntlet | Found a transporter.
 21542 | Gauntlet | Found a transporter.
 21552 | Gauntlet | Found a transporter.
 21556 | Gauntlet | Found a transporter.
 21566 | Gauntlet | Found a transporter.
 21587 | Gauntlet | Found a transporter.
 21604 | Gauntlet | Found a transporter.
 21608 | Gauntlet | Found a transporter.
 21620 | Gauntlet | Found a transporter.
 21622 | Gauntlet | Found a transporter.
 22108 | Gauntlet | Identified the amulet "Moggah" {Acrobat rPois rCorr}
 22345 | Gauntlet | HP: 4/111 [fire crab (6)]
 22345 | Gauntlet | Slain by a fire crab

Illustrated notes

Levels and vault maps discovered:
D:1:      amcnicky_arrival_gap_in_the_tavern_cellar, layout_basic, serial_shops,
          shop_statue, hellmonk_ecumenical_altar_pennies_from_heaven,
          due_unseen_surprise
D:2:      layout_loops_ring, roderic_roman_lattice
D:3:      layout_basic, mainiacjoe_overflow_catwalk, nicolae_ashenzari_skybound,
          nemelex_diamond_rough_becter
D:4:      layout_basic, mainiacjoe_overflow_swirl,
          lemuel_zombie_altar_yredelemnul, minmay_temple_entry_mist
D:5:      layout_rooms, mainiacjoe_overflow_surrounded_room,
          mainiacjoe_overflow_small_starburst
D:6:      layout_basic, lemuel_doored_altar, grunt_dithmenos_smoke_and_mirrors,
          serial_glass, glass_columns_b, glass_columns_b
D:7:      layout_loops_ring, grunt_temple_overflow_bloody_war
D:8:      layout_gridville, enter_ossuary_5, gammafunk_ghost_hydra_chop,
          serial_shops, nicolae_shop_window_shopping, nicolae_stop_n_shop_1,
          shop, uniq_erica, uniq_gastronok
D:9:      layout_loops_ring, nicolae_overflow_hidden_temple, lair_entry_dummy,
          gammafunk_ghost_split, hangedman_ranch
D:10:     kennysheep_blocky_room, layout_basic, amcnicky_altar_gilded,
          mainiacjoe_overflow_catwalk_spiral
D:11:     layout_irregular_city, david_orc_1_choice
D:12:     layout_basic, kennysheep_generic_room_10
D:13:     layout_loops_corners, erik_vaults_1, enter_bailey_6
Lair:1:   layout_cave_pods, uniq_fannar, uniq_nergalle
Lair:2:   layout_layer_cave, elwin_shoals_entry_rocks,
          nicolae_spider_entry_non_spiders, gauntlet_entry_generic,
          lemuel_fruit_fields, serial_bayou_shore_a, lemuel_fruit_fields,
          lemuel_fruit_fields, lemuel_fruit_tree
Gauntlet: gammafunk_gauntlet_hard_choice [gammafunk_gauntlet_arena_grid,
          gammafunk_gauntlet_arena_crates, gammafunk_gauntlet_arena_split_x,
          nicolae_gauntlet_arena_grate_2, nicolae_gauntlet_arena_quarters,
          gammafunk_gauntlet_arena_corners, gauntlet_exit_watery]

Skill      XL: |  1  2  3  4  5  6  7  8  9 10 11 12 13 14 |
---------------+-------------------------------------------+-----
Spellcasting   | 1 2 3 4 6 |  6.3
Maces & Flails | 1 2 3 4 5 6 |  6.0
Shields        | 2 3 4 5 6 7 8 |  8.0
Summonings     | 3 4 5 6 |  6.7
Invocations    | 1 2 3 4 6 8 |  8.0
Hexes          | 1 2 3 5 6 |  6.7
Fighting       | 4 5 6 7 8 10 | 10.9
Armour         | 1 3 6 7 8 9 |  9.0
Throwing       | 2 3 |  3.0
Evocations     | 3 5 6 |  6.0
Long Blades    | 2 4 5 |  5.8
Dodging        | 1 2 |  2.0
Ice Magic      | |  1.0

Action                   |  1- 3 |  4- 6 |  7- 9 | 10-12 | 13-15 || total
-------------------------+-------+-------+-------+-------+-------++-------
Melee: Club              |    84 |       |       |       |       ||    84
       Mace              |    35 |   102 |   246 |   466 |   182 ||  1031
       Scimitar          |       |       |       |     7 |       ||     7
Throw: Dart              |       |     3 |    12 |    21 |    39 ||    75
       Boomerang         |       |       |     1 |    45 |     1 ||    47
 Cast: Summon Guardian G |       |       |     6 |    34 |    18 ||    58
Invok: Ancestor Identity |     1 |       |       |       |       ||     1
       Ancestor Life: He |       |     1 |       |       |       ||     1
       Recall Ancestor   |       |       |     2 |     5 |     2 ||     9
       Idealise          |       |       |       |     2 |       ||     2
Evoke: Wand              |       |       |       |     6 |     8 ||    14
  Use: Potion            |     1 |       |     2 |    10 |     8 ||    21
       Scroll            |       |       |     6 |    12 |     7 ||    25
 Stab: Sleeping          |     1 |       |       |     2 |     1 ||     4
       Confused          |       |     2 |     6 |     9 |     1 ||    18
       Distracted        |       |       |     4 |     5 |     3 ||    12
Armor: Robe              |    20 |       |       |       |       ||    20
       Ring mail         |    12 |    60 |   151 |   112 |       ||   335
       Acid dragon scale |       |       |       |   146 |   128 ||   274
       Skin              |       |       |       |       |    28 ||    28
Dodge: Dodged            |    55 |    60 |   157 |   275 |   132 ||   679
Block: Buckler           |    16 |    19 |    71 |    43 |       ||   149
       Kite shield       |       |       |       |   272 |   207 ||   479
       Rpst.: Scimitar   |       |       |       |     3 |       ||     3
